 Dungeon Crawl Stone Soup version 0.23.2-1-ga50397a6bc (webtiles) character file.

Game seed: 2630051455891383599

641 Foic the Thaumaturge (level 7, -1/36 HPs)
             Began as a Deep Elf Wizard on May 23, 2019.
             Was an Initiate of Vehumet.
             Shot with an arrow by a centaur (5 damage)
             ... on level 6 of the Dungeon.
             The game lasted 00:32:37 (7698 turns).

Foic the Thaumaturge (Deep Elf Wizard)              Turns: 7698, Time: 00:32:38

Health: -1/36      AC:  2    Str:  4    XL:     7   Next: 26%
Magic:  20/21      EV: 14    Int: 25    God:    Vehumet [......]
Gold:   204        SH:  0    Dex: 13    Spells: 17/24 levels left

rFire    . . .     SeeInvis .   g - +2 short sword (protect)
rCold    . . .     Gourm    .   (no shield)
rNeg     . . .     Faith    .   a - +0 robe
rPois    +         Spirit   .   b - +0 hat
rElec    .         Reflect  .   (no cloak)
rCorr    .         Harm     .   (no gloves)
MR       .....                  (no boots)
Stlth    +++.......             (no amulet)
HPRegen  0.12/turn              r - ring of poison resistance
MPRegen  0.17/turn              (no ring)

@: no status effects
A: no striking features
a: Renounce Religion


You were on level 6 of the Dungeon.
You worshipped Vehumet.
Vehumet was noncommittal.
You were not hungry.

You visited 2 branches of the dungeon, and saw 7 of its levels.

You collected 204 gold pieces.

Inventory:

Hand Weapons
 e - a +0 dagger
 g - a +2 short sword of protection (weapon)
Armour
 a - a +0 robe (worn)
 b - a +0 hat (worn)
Jewellery
 r - a ring of poison resistance (left hand)
Wands
 n - a wand of flame (20)
Scrolls
 c - 2 scrolls of teleportation
 f - a scroll of fear {unknown}
 h - 7 scrolls of identify
 i - 3 scrolls of enchant armour {unknown}
 k - 8 scrolls of remove curse {unknown}
 l - 2 scrolls of immolation {unknown}
 o - 2 scrolls of enchant weapon {unknown}
 s - a scroll of random uselessness {unknown}
 t - 2 scrolls of amnesia {unknown}
Potions
 j - 2 potions of lignification {unknown}
 m - a potion of agility {unknown}
 p - a potion of curing {unknown}
 q - a potion of degeneration {unknown}
 v - a potion of flight {unknown}
Comestibles
 d - 15 rations
 u - 2 chunks of flesh


   Skills:
 * Level 3.8 Dodging
 * Level 4.7 Stealth
 * Level 9.1 Spellcasting
 + Level 1.9 Conjurations
 + Level 0.3 Hexes
 + Level 3.0 Summonings
 + Level 1.1 Translocations


You had 17 spell levels left.
You knew the following spells:

 Your Spells              Type           Power        Failure   Level  Hunger
a - Magic Dart            Conj           ###.         2%          1    None
b - Blink                 Tloc           N/A          5%          2    None
c - Call Imp              Summ           ####....     2%          2    None
d - Slow                  Hex            ##......     7%          2    None

Your spell library contained the following spells:

 Spells                   Type           Power        Failure   Level  Hunger
 Conjure Flame            Conj/Fire      ###.....     11%         3    None
 Mephitic Cloud           Conj/Pois/Air  ##......     13%         3    None


Dungeon Overview and Level Annotations

Branches:
Dungeon (6/15)             Temple (1/1) D:5

Altars:
Ashenzari
Cheibriados
Dithmenos
Fedhas
Gozag
Hepliaklqana
Kikubaaqudgha
Makhleb
Nemelex Xobeh
Okawaru
Qazlal
Ru
Uskayaw
Vehumet
Wu Jian
Yredelemnul
Zin
The Shining One

Shops:
D:4 *

Annotations:
D:4 metal-bound book 420g


Message History

Press: ? - help, Dir - move target cursor, f - shadow imp
Aim: a shadow imp Attack!
The centaur shoots an arrow.
The arrow hits your white imp!
The centaur shoots an arrow.
The arrow hits you!
* * * LOW HITPOINT WARNING * * *
The shadow imp hits your white imp.
Your white imp dies!
The centaur shoots an arrow.
The arrow hits you!
* * * LOW HITPOINT WARNING * * *
You see here 2 arrows.
Casting: Call Imp (safe; 2% risk of failure)
Confirm with . or Enter, or press ? or * to list all spells.
You blink.
There is an open door here.
A phantom comes into view.
The phantom blinks!
The phantom moves out of view.
The centaur shoots an arrow.
The arrow closely misses you.
There is a stone staircase leading up, spattered with blood here.
The centaur shoots an arrow.
The arrow hits you.
You die...

#########
#.......#
#......##
#......#
#..รท@..#
#......#
#......##
#.......#
#.......##
#........##
#.........###
#.......c...#
.............#


You could see a centaur.

Vanquished Creatures
  A killer bee zombie (D:5)
  A howler monkey zombie (D:5)
  3 gnolls
  4 adders
  A worm (D:4)
  2 dart slugs
  3 leopard geckos
  3 orcs
  6 giant cockroaches
  4 hobgoblins
  6 jackals
  3 kobolds
  4 bats
  A frilled lizard (D:1)
  12 goblins
  A jackal zombie (D:5)
  2 quokka zombies (D:5)
  3 rats
60 creatures vanquished.

Vanquished Creatures (collateral kills)
  4 ogres
  An ice beast (D:4)
  2 crimson imps (D:5)
  A hound (D:4)
  3 orc wizards
  2 iguanas
  A hound skeleton (D:4)
  6 gnolls
  5 adders
  2 shadow imps (D:5)
  An adder skeleton (D:4)
  A worm (D:3)
  A dart slug (D:1)
  2 leopard geckos
  5 orcs
  A ball python (D:1)
  A bat (D:1)
  4 giant cockroaches
  A hobgoblin (D:1)
  8 jackals
  2 quokkas
  3 frilled lizards
  8 kobolds
  A rat (D:3)
66 creatures vanquished.

Grand Total: 126 creatures vanquished

Notes
Turn   | Place    | Note
-------+----------+-------------------------------------------
     0 | D:1      | Foic the Deep Elf Wizard began the quest for the Orb.
     0 | D:1      | Reached XP level 1. HP: 10/10 MP: 7/7
   237 | D:1      | Reached skill level 5 in Spellcasting
   308 | D:1      | Reached XP level 2. HP: 15/15 MP: 7/10
   312 | D:1      | Learned a level 2 spell: Blink
   315 | D:1      | Learned a level 2 spell: Call Imp
   318 | D:1      | Learned a level 2 spell: Slow
   957 | D:1      | Reached XP level 3. HP: 19/19 MP: 8/12
  1001 | D:1      | You fall through a shaft!
  1737 | D:2      | Found a hazy altar of Hepliaklqana.
  1737 | D:2      | Found a basalt altar of Yredelemnul.
  2496 | D:3      | Reached skill level 6 in Spellcasting
  2496 | D:3      | Reached XP level 4. HP: 24/24 MP: 8/14
  2877 | D:3      | HP: 1/24 [gnoll/+0 flail (7)]
  3547 | D:3      | Reached XP level 5. HP: 28/28 MP: 11/16
  4004 | D:4      | Noticed an ogre
  4063 | D:4      | Killed an ogre
  4063 | D:4      | Reached skill level 7 in Spellcasting
  4332 | D:4      | Found Sixysh's Assorted Antiques.
  4868 | D:4      | Noticed an ice beast
  4885 | D:4      | Reached XP level 6. HP: 32/32 MP: 10/18
  5242 | D:4      | Killed an ice beast
  5242 | D:4      | Reached skill level 8 in Spellcasting
  5711 | D:5      | Entered Level 5 of the Dungeon
  6019 | D:5      | Found a staircase to the Ecumenical Temple.
  6028 | Temple   | Entered the Ecumenical Temple
  6224 | Temple   | Became a worshipper of Vehumet
  6316 | D:5      | Reached XP level 7. HP: 16/36 MP: 12/21
  7478 | D:5      | Reached skill level 9 in Spellcasting
  7698 | D:6      | Shot with an arrow by a centaur

Skill      XL: |  1  2  3  4  5  6  7 |
---------------+----------------------+-----
Spellcasting   | 5 6 7 8 9 |  9.1
Summonings     | 2 3 |  3.0
Stealth        | 3 4 |  4.7
Dodging        | 3 |  3.8
Conjurations   | |  1.9
Hexes          | |  0.3
Translocations | |  1.1

Action                   |  1- 3 |  4- 6 |  7- 9 || total
-------------------------+-------+-------+-------++-------
Melee: Short sword       |       |     1 |       ||     1
 Cast: Magic Dart        |    79 |    81 |    54 ||   214
       Call Imp          |    27 |    79 |    17 ||   123
       Slow              |     4 |     6 |       ||    10
       Blink             |       |     2 |     2 ||     4
  Use: Scroll            |       |     3 |       ||     3
  Eat: Chunk             |     5 |    11 |     4 ||    20
Armor: Robe              |     7 |     8 |     2 ||    17
Dodge: Dodged            |    26 |    36 |    13 ||    75
